 Dungeon Crawl Stone Soup version 0.25-a0-413-g3b4b6a4ccc (webtiles) character file.

Game seed: 15180413374945221084, levelgen mode: deterministic

1976 Alfie the Archer (level 9, -15/67 HPs)
             Began as a Human Hunter on Jan 17, 2020.
             Demolished by Prince Ribbit (18 damage)
             ... on level 6 of the Dungeon.
             The game lasted 00:31:13 (5168 turns).

Alfie the Archer (Human Hunter)                     Turns: 5168, Time: 00:31:14

Health: -15/67     AC: 11    Str: 17    XL:     9   Next: 43%
Magic:  9/9        EV: 19    Int: 11    God:
Gold:   284        SH:  0    Dex: 13    Spells: 8/8 levels left

rFire    . . .     SeeInvis .   a - +1 shortbow
rCold    . . .     Gourm    .   (shield currently unavailable)
rNeg     . . .     Faith    .   c - +3 leather armour
rPois    .         Spirit   .   (no helmet)
rElec    .         Reflect  .   g - +2 cloak
rCorr    .         Harm     .   (no gloves)
MR       .....                  y - +1 pair of boots
Stlth    ++........             (no amulet)
HPRegen  0.21/turn              e - +5 ring of evasion
MPRegen  0.11/turn              (no ring)

@: no status effects
A: no striking features
a: no special abilities


You were on level 6 of the Dungeon.
You were not hungry.

You visited 1 branch of the dungeon, and saw 6 of its levels.

You collected 284 gold pieces.

Inventory:

Hand Weapons
 a - a +1 shortbow (weapon)
 b - a +1 short sword
 m - a +0 whip of flaming
Missiles
 d - 11 arrows (quivered)
Armour
 c - a +3 leather armour (worn)
 g - a +2 cloak (worn)
 y - a +1 pair of boots (worn)
Jewellery
 e - a +5 ring of evasion (left hand)
 n - an uncursed ring of fire
Wands
 h - a wand of disintegration (15)
 r - a wand of acid (10)
 s - a wand of random effects (19)
Scrolls
 l - 2 scrolls of teleportation
 o - a scroll of magic mapping
 q - 2 scrolls of remove curse
 w - a scroll of immolation
 x - a scroll of blinking {unknown}
Potions
 i - a potion of degeneration {unknown}
 j - a potion of flight {unknown}
 k - a potion of lignification {unknown}
 p - a potion of resistance
 t - a potion of agility
 u - a potion of curing {unknown}
 v - 2 potions of cancellation {unknown}
Comestibles
 f - 10 rations


   Skills:
 + Level 4.9 Fighting
 + Level 5.0 Short Blades
 + Level 8.3 Bows
 + Level 3.0 Armour
 + Level 4.9 Dodging
 + Level 2.3 Stealth


You had 8 spell levels left.
You didn't know any spells.
Your spell library contained the following spells:

 Spells                   Type           Power        Failure   Level  Hunger
 Freeze                   Ice            #...         38%         1    ##.....
 Confusing Touch          Hex            #.......     77%         3    ####...
 Dazzling Flash           Conj/Hex       #.....       77%         3    ####...
 Tukima's Dance           Hex            #.......     77%         3    ####...
 Metabolic Englaciation   Hex/Ice        #.........   100%        5    ######.


Dungeon Overview and Level Annotations

Branches:
Dungeon (6/15)             Temple (0/1) D:4

Altars:
Dithmenos
Hepliaklqana
Makhleb
Ru
Sif Muna
Uskayaw
Vehumet
Wu Jian
Xom

Annotations:
D:2 1 runed translucent door, Crazy Yiuf
D:6 Jessica, Prince Ribbit


Message History

d - 8 arrows (gained 2)
An adder comes into view.
Prince Ribbit misses you.
Prince Ribbit blinks!
You see here 2 arrows.
d - 10 arrows (gained 2)
The adder hisses angrily.
Prince Ribbit blinks!
Prince Ribbit completely misses you. Prince Ribbit closely misses you.
You see here 2 arrows.
d - 12 arrows (gained 2) Prince Ribbit lets out a mournful croak.
Prince Ribbit barely misses you.
Firing (i - inventory)
d - 12 arrows (quivered)
Press: ? - help, Shift-Dir - straight line, f - Prince Ribbit
Aim: Prince Ribbit (moderately wounded)
You shoot an arrow. The arrow hits Prince Ribbit!
Prince Ribbit is heavily wounded.
The adder closely misses you. Prince Ribbit hits you!!
You die...

#.# #.# #.#...
#.# #..... #.#
##.... #)#
#....##)#####
# ##.
#.......# ##
.. #.......#
.####
#.#S.))...#
....#
.##..F@.)...#
#...#
#............#
§...#
#.'#######'(##
#§..# #. .#.#
....# ..#.#
....# ...###
##### _.##


You could see Prince Ribbit and an adder.

Vanquished Creatures
  Pikel (D:6)
  Sigmund (D:5)
  A sky beast (D:6)
  An ice beast (D:5)
  A phantom (D:4)
  An ogre (D:6)
  A scorpion (D:4)
  A howler monkey (D:5)
  5 crimson imps
  A hound (D:4)
  5 orc wizards
  6 orc priests
  2 bullfrog skeletons
  3 worker ants
  2 hound skeletons
  7 gnolls
  4 adders
  3 shadow imps
  A white imp (D:5)
  2 dart slugs
  2 leopard geckos
  24 orcs
  6 giant cockroaches
  8 goblins
  6 hobgoblins
  5 jackals
  5 quokkas
  4 ball pythons
  5 bats
  5 frilled lizards
  9 kobolds
  A leopard gecko skeleton (D:6)
  8 rats
  A bush (D:1)
138 creatures vanquished.

Notes
Turn   | Place    | Note
-------+----------+-------------------------------------------
     0 | D:1      | Alfie the Human Hunter began the quest for the Orb.
     0 | D:1      | Reached XP level 1. HP: 16/16 MP: 1/1
   162 | D:1      | Reached XP level 2. HP: 7/22 MP: 2/2
   503 | D:1      | Found a hazy altar of Hepliaklqana.
   505 | D:1      | Found a shimmering altar of Xom.
   505 | D:1      | Found a shimmering blue altar of Sif Muna.
   508 | D:1      | Found a burning altar of Makhleb.
   508 | D:1      | Found an ornate altar of the Wu Jian Council.
   508 | D:1      | Found a hazy altar of Hepliaklqana.
   599 | D:1      | Reached XP level 3. HP: 16/27 MP: 3/3
  1116 | D:2      | Found a runed translucent door.
  1117 | D:2      | Noticed Crazy Yiuf
  1750 | D:3      | Reached XP level 4. HP: 34/34 MP: 4/4
  1920 | D:3      | Reached skill level 1 in Armour
  1927 | D:3      | Reached skill level 1 in Short Blades
  1953 | D:3      | Found a faded altar of an unknown god.
  2136 | D:3      | Reached XP level 5. HP: 39/39 MP: 5/5
  2418 | D:4      | Found a staircase to the Ecumenical Temple.
  2572 | D:4      | Noticed a +0 hand axe
  2573 | D:4      | Noticed a +0 dagger
  2574 | D:4      | Found a hide-covered altar of Uskayaw.
  2591 | D:4      | Noticed a phantom
  2647 | D:4      | Killed a phantom
  2647 | D:4      | Reached skill level 5 in Bows
  2647 | D:4      | Reached XP level 6. HP: 40/47 MP: 6/6
  2711 | D:5      | Entered Level 5 of the Dungeon
  2992 | D:4      | Reached XP level 7. HP: 8/52 MP: 7/7
  3307 | D:4      | Found a burning altar of Makhleb.
  3307 | D:4      | Found a radiant altar of Vehumet.
  3801 | D:5      | Reached skill level 6 in Bows
  3801 | D:5      | Reached XP level 8. HP: 44/58 MP: 8/8
  4377 | D:5      | Noticed Sigmund
  4384 | D:5      | Killed Sigmund
  4384 | D:5      | Reached skill level 7 in Bows
  4440 | D:5      | Identified the Almanac of the Snowflakes and the Oath
  4507 | D:6      | Found a shadowy altar of Dithmenos.
  4613 | D:6      | Noticed Pikel
  4674 | D:6      | Killed Pikel
  4674 | D:6      | Reached XP level 9. HP: 21/66 MP: 9/9
  4710 | D:6      | Noticed Jessica
  4723 | D:6      | Found a shimmering blue altar of Sif Muna.
  4918 | D:6      | Reached skill level 8 in Bows
  4982 | D:6      | Reached skill level 5 in Short Blades
  5111 | D:6      | Noticed Prince Ribbit
  5151 | D:6      | Found a sacrificial altar of Ru.
  5161 | D:6      | HP: 1/67 [Prince Ribbit (17)]
  5168 | D:6      | Demolished by Prince Ribbit

Levels and vault maps discovered:
D:1:      matt_arrival_diagonals, layout_basic, serial_forest,
          infiniplex_forest_lined_1, infiniplex_forest_straight_5,
          infiniplex_forest_lined_3, infiniplex_forest_lined_2,
          infiniplex_forest_straight_5, infiniplex_forest_end_double,
          infiniplex_forest_clump_small, infiniplex_forest_end_3,
          doesnt_xom_only_xom
D:2:      layout_basic, grunt_ministairs_9, kennysheep_cluttered_room,
          uniq_crazy_yiuf_cottage
D:3:      layout_loops_ring, first_ration, chequers_ecumenical_altar_simple
D:4:      layout_cave_pools, grunt_temple_overflow_lords_of_destruction,
          dancing_weapons_uskayaw, minmay_temple_entry_tees
D:5:      layout_loops_corners, minmay_fire_ice_demons, uniq_sigmund
D:6:      layout_basic, tgw_sif, nicolae_ru_great_annihilating_truth,
          lemuel_coloured_pillars_altar, grunt_dithmenos_smoke_and_mirrors,
          uniq_pikel, uniq_prince_ribbit1

Skill      XL: |  1  2  3  4  5  6  7  8  9 |
---------------+----------------------------+-----
Armour         | 1 2 3 |  3.0
Short Blades   | 1 3 4 5 |  5.0
Fighting       | 3 4 |  4.9
Bows           | 5 6 7 8 |  8.3
Dodging        | 3 4 |  4.9
Stealth        | 2 |  2.3

Action                   |  1- 3 |  4- 6 |  7- 9 || total
-------------------------+-------+-------+-------++-------
Melee: Short sword       |   279 |   200 |   169 ||   648
 Fire: Shortbow          |    75 |    29 |   253 ||   357
  Use: Scroll            |     9 |     3 |     8 ||    20
       Potion            |       |     3 |     3 ||     6
 Stab: Sleeping          |     1 |       |     1 ||     2
  Eat: Ration            |     1 |     2 |     2 ||     5
Armor: Leather armour    |    26 |    62 |    59 ||   147
Dodge: Dodged            |    58 |   171 |   230 ||   459

Table legend:
 A = Non-vault XP
 B = Vault XP
 C = Vault XP percentage of total XP
 D = Non-vault monster count
 E = Vault monster count
 F = Vault count percentage of total count
                 A         B        C        D         E       F
            +---------+---------+-------+---------+---------+-------
      Total |    1812 |    1011 |  35.8 |     126 |      11 |   8.0
            +---------+---------+-------+---------+---------+-------
        D:1 |      44 |       0 |   0.0 |      27 |       0 |   0.0
        D:2 |      21 |       2 |   8.7 |      11 |       2 |  15.4
        D:3 |     143 |       0 |   0.0 |      25 |       0 |   0.0
        D:4 |     476 |      48 |   9.2 |      17 |       1 |   5.6
        D:5 |     575 |     285 |  33.1 |      23 |       3 |  11.5
        D:6 |     553 |     676 |  55.0 |      23 |       5 |  17.9
            +---------+---------+-------+---------+---------+-------
